 Dungeon Crawl Stone Soup version 0.16-a0-747-geaeaf20 (webtiles) character file.

19 RobertPalmer the Chiller (level 2, 0/17 HPs)
             Began as an Octopode Ice Elementalist on Sept 23, 2014.
             Slain by a hobgoblin (5 damage)
             ... on Level 1 of the Dungeon.
             The game lasted 00:01:00 (787 turns).

RobertPalmer the Chiller (Octopode Ice Elementalist) Turns: 787, Time: 00:01:01

HP   0/17        AC  1     Str  7      XL: 2   Next: 75%
MP   4/4         EV 12     Int 17      God:
Gold 39          SH  0     Dex 12      Spells:  1 memorised,  4 levels left

rFire  . . .     SeeInvis .     g - -1 dagger (curse)
rCold  . . .     Clarity  .     (no shield)
rNeg   . . .     rCorr    .     (helmet restricted)
rPois  .         rRot     .     (no amulet)
rElec  .         Spirit   .     (no ring)
SustAb .         Warding  .     (no ring)
rMut   .         Stasis   .     (no ring)
Gourm  .                        (no ring)
MR     .....                    (no ring)
                                (no ring)
                                (no ring)
                                (no ring)

@: not resistant to hostile enchantments, fairly stealthy
A: almost no armour, amphibious, 8 rings, constrict 8, camouflage 1, gelatinous
body 1
a: no special abilities


You were on level 1 of the Dungeon.
You were not hungry.

You visited 1 branch of the dungeon, and saw 1 of its levels.

You collected 39 gold pieces.


Innate Abilities, Weirdness & Mutations

You cannot wear most types of armour.
You are amphibious.
You can wear up to eight rings at the same time.
You can use your tentacles to constrict many enemies at once.
Your skin changes colour to match your surroundings (Stealth).
Your rubbery body absorbs attacks (AC +1).


   Skills:
 - Level 2.0 Dodging
 - Level 2.6 Stealth
 - Level 2.0 Spellcasting
   Level 1.0 Conjurations
 + Level 3.9 Ice Magic


You had 4 spell levels left.
You knew the following spells:

 Your Spells              Type           Power        Failure   Level  Hunger
z - Freeze                Ice            ###.         4%          1    #......

Inventory:

Hand weapons
 d - a +0 dagger
 g - a cursed -1 dagger (weapon)
Comestibles
 c - a bread ration
 f - 5 fruits
Scrolls
 a - a scroll of identify
Potions
 e - a potion of curing
Books
 b - a book of Frost

Dungeon Overview and Level Annotations

Branches:
Dungeon (1/15)

Altars:

#.....#.#######...
#########.#######...
#>s.................
#.##..........###...
# #..........# ####
#. #..........#
#.##..........######
##.b(................
#..K@g.........######
#.............
#?........###
#.........#
#....)....# #
#.........# ###
########## #.' #.#
#.#


You could see a hobgoblin, a bat and a kobold.


Message History

The bat closely misses you.
You closely miss the bat. The bat barely misses you.
The kobold throws a stone.
The stone hits you.
You hit the hobgoblin but do no damage. You grab the hobgoblin.
You constrict the hobgoblin. The hobgoblin barely misses you. The bat hits you.
You hit the hobgoblin but do no damage.
The hobgoblin is moderately wounded.
The bat closely misses you. The hobgoblin hits you.
* * * LOW HITPOINT WARNING * * *
The kobold barely misses you.
You are too injured to fight recklessly!
You are too injured to fight recklessly!
You are too injured to fight recklessly!
Unknown command.
You hit the hobgoblin but do no damage.
The hobgoblin is moderately wounded.
The bat hits you but does no damage. The hobgoblin completely misses you.
The kobold misses you.
You are too injured to fight recklessly!
You are too injured to fight recklessly!
You hit the hobgoblin.
The hobgoblin is heavily wounded.
You constrict the hobgoblin.
You kill the hobgoblin!
The bat closely misses you. The hobgoblin barely misses you.
The kobold barely misses you. The bat hits you.
* * * LOW HITPOINT WARNING * * *
The hobgoblin hits you.
You die...

Action                   || total
-------------------------++-------
Melee: Unarmed           ||    36
       Dagger            ||    17
  Use: Scroll            ||     2
 Stab: Sleeping          ||     6

Vault maps used:
D:1:      dpeg_arrival_radiant

Notes
Turn   | Place    | Note
--------------------------------------------------------------
     0 | D:1      | RobertPalmer, the Octopode Ice Elementalist, began the quest for the Orb.
     0 | D:1      | Reached XP level 1. HP: 11/11 MP: 3/3
   125 | D:1      | HP: 1/11 [bat (1)]
   571 | D:1      | Reached XP level 2. HP: 17/17 MP: 4/4
   787 | D:1      | Slain by a hobgoblin

Vanquished Creatures
  A ball python (D:1)
  4 goblins (D:1)
  3 hobgoblins (D:1)
  4 kobolds (D:1)
  2 bats (D:1)
  A giant newt (D:1)
  2 rats (D:1)
17 creatures vanquished.
